 Dungeon Crawl Stone Soup version 0.27.0-1-g7a089689b8 (console) character file.

Game seed: 16459630294098702787

75 jejorda2 the Caller (level 4, -2/36 HPs)
             Began as a Ghoul Summoner on Aug 2, 2021.
             Slain by a sky beast (6 damage)
             ... on level 3 of the Dungeon.
             The game lasted 00:03:45 (2067 turns).

jejorda2 the Caller (Ghoul Summoner)                Turns: 2067, Time: 00:03:47

Health: -2/36      AC:  8    Str:  9 (12) XL:     4   Next: 31%
Magic:  3/5        EV:  3    Int:  9 (10) God:
Gold:   102        SH:  0    Dex:  6 (9)  Spells: 5/6 levels left

rFire    . . .     SeeInvis .     - Unarmed
rCold    + . .     Faith    .   (no shield)
rNeg     + + +     Spirit   .   m - +0 chain mail
rPois    ∞         Reflect  .   (no helmet)
rElec    .         Harm     .   (no cloak)
rCorr    .         Rampage  .   (no gloves)
Will     .....                  (no boots)
Stlth    ..........             (no amulet)
HPRegen  0.00/turn              (no ring)
MPRegen  0.09/turn              (no ring)

@: very slightly contaminated, inhibited regen
A: claws 1, cold resistance 1, negative energy resistance 3, inhibited
regeneration, torment resistance 2
a: no special abilities


You were on level 3 of the Dungeon.
You visited 1 branch of the dungeon, and saw 3 of its levels.

You collected 102 gold pieces.

Inventory:

Missiles
 a - 34 sling bullets
 c - 25 stones (quivered)
 d - 6 boomerangs
Armour
 m - a +0 chain mail (worn)
Scrolls
 e - 2 scrolls of magic mapping {unknown}
 f - a scroll of identify {unknown}
 i - a scroll of immolation {unknown}
 k - 2 scrolls of teleportation {unknown}
Potions
 g - a potion of curing {unknown}
 h - a potion of lignification {unknown}
 j - a potion of might {unknown}
 l - a potion of haste {unknown}


   Skills:
 + Level 2.2 Fighting
 - Level 1.7 Dodging
 - Level 2.1 Stealth
 * Level 3.3 Unarmed Combat
 - Level 1.7 Spellcasting
 - Level 3.6 Summonings


You had 5 spell levels left.
You knew the following spells:

 Your Spells              Type           Power      Damage    Failure   Level
a - Summon Small Mammal   Summ           28%        N/A       100%        1

Your spell library contained the following spells:

 Spells                   Type           Power      Damage    Failure   Level
 Call Imp                 Summ           7%         N/A       100%        2
 Call Canine Familiar     Summ           7%         N/A       100%        3
 Summon Guardian Golem    Hex/Summ       4%         N/A       100%        3
 Summon Lightning Spire   Summ/Air       4%         N/A       100%        4


Dungeon Overview and Level Annotations

Branches:
Dungeon (3/15)

Altars:


Innate Abilities, Weirdness & Mutations

You thrive by killing the living.
You are immune to poison.
You have sharp fingernails.
Your flesh is cold resistant. (rC+)
You are immune to negative energy. (rN+++)
You do not regenerate when monsters are visible.
You are immune to unholy pain and torment.


Message History

Confirm with . or Enter, or press ? or * to list all spells.
You miscast Summon Small Mammal.
You are very lightly contaminated with residual magic.
Nothing appears to happen.
The sky beast hits you but does no damage.
Casting: Summon Small Mammal (safe; 98% risk of failure)
Confirm with . or Enter, or press ? or * to list all spells.
You miscast Summon Small Mammal.
Nothing appears to happen.
The sky beast hits you. The sky beast shocks you.
Casting: Summon Small Mammal (safe; 98% risk of failure)
Confirm with . or Enter, or press ? or * to list all spells.
You miscast Summon Small Mammal.
Nothing appears to happen.
The sky beast hits you but does no damage.
You closely miss the sky beast.
The sky beast is severely wounded.
The sky beast flickers out of sight!
Deactivating autopickup; reactivate with Ctrl-A.
Something hits you but does no damage.
You miss something. Something completely misses you.
You closely miss something. You closely miss something.
Something hits you but does no damage.
You miss something. Something hits you but does no damage.
You miss something. Something hits you but does no damage.
You scratch something but do no damage.
A sky beast appears from thin air!
Reactivating autopickup.
The sky beast hits you but does no damage.
You scratch the sky beast but do no damage.
The sky beast is heavily wounded.
The sky beast hits you but does no damage.
Your chain mail prevents you from hitting the sky beast.
The sky beast is heavily wounded.
The sky beast hits you. The sky beast shocks you.
* * * LOW HITPOINT WARNING * * *
It was a potion of degeneration.
There was something very wrong with that liquid.
You feel weakened.
You feel dopey.
You feel clumsy. The sky beast hits you.
* * * LOW HITPOINT WARNING * * *
The sky beast shocks you.
You die...

........'...#........
........#########.#+#
....................
....................
######+#######.####..#.
.........#####.......#
.........#.......###.#
......Y..#.......#
.......@.#.......#
##.............###
#.............#
#................
#####.#...#.......
#.#...#.......
..#...#.......
.......#.......
######... ...##


You could see a sky beast.

Vanquished Creatures
  2 adders
  2 dart slugs
  5 orcs
  3 endoplasms
  3 giant cockroaches (D:2)
  4 goblins
  4 hobgoblins
  3 kobolds
  3 quokkas
  2 ball pythons (D:2)
  3 bats
  A rat (D:1)
35 creatures vanquished.

Vanquished Creatures (collateral kills)
  An adder (D:2)
1 creature vanquished.

Grand Total: 36 creatures vanquished

Notes
Turn   | Place    | Note
-------+----------+-------------------------------------------
     0 | D:1      | jejorda2 the Ghoul Summoner began the quest for the Orb.
     0 | D:1      | Reached XP level 1. HP: 14/14 MP: 2/2
   126 | D:1      | Reached skill level 1 in Unarmed Combat
   350 | D:1      | Reached XP level 2. HP: 20/22 MP: 3/3
   634 | D:1      | Reached skill level 1 in Fighting
  1018 | D:2      | Reached XP level 3. HP: 17/28 MP: 4/4
  1669 | D:2      | Reached XP level 4. HP: 36/36 MP: 5/5
  2028 | D:3      | Noticed a sky beast
  2067 | D:3      | Slain by a sky beast

Illustrated notes

Levels and vault maps discovered:
D:1:      evilmike_arrival_crescent, layout_basic
D:2:      layout_basic
D:3:      layout_basic, hellmonk_ecumenical_altar_pennies_from_heaven,
          minmay_randomly_rotated_circles

Skill      XL: |  1  2  3 |
---------------+----------+-----
Unarmed Combat | 1 2 3 |  3.3
Fighting       | 1 2 |  2.2
Dodging        | |  1.7
Stealth        | |  2.1
Spellcasting   | |  1.7
Summonings     | |  3.6

Action                   |  1- 3 |  4- 6 || total
-------------------------+-------+-------++-------
Melee: Unarmed           |   114 |    54 ||   168
       Punch             |       |     1 ||     1
 Cast: Summon Small Mamm |     7 |       ||     7
  Use: Potion            |       |     1 ||     1
 Stab: Sleeping          |     1 |       ||     1
Armor: Leather armour    |     2 |       ||     2
       Robe              |     1 |       ||     1
       Ring mail         |    29 |     2 ||    31
       Chain mail        |       |    42 ||    42
Dodge: Dodged            |    56 |    11 ||    67
